Map: Ruins of Seras

Players

Dobbymaul

  • Race: Terran Terran
  • League: Platinum

Cupid

  • Race: Terran Terran
  • League: Grandmaster

wabbajack

  • Race: Zerg Zerg

Crylexan

  • Race: Zerg Zerg
  • League: Grandmaster

Paradise

  • Race: Zerg Zerg
  • League: Platinum

Malfurious

  • Race: Zerg Zerg
  • League: Bronze

lllIIIlllIII

  • Race: Zerg Zerg
  • League: Diamond

DDNG

  • Race: Zerg Zerg
  • League: Silver

VOD

Have the link to the VOD?

Description

Time

  • Played on: Oct. 19, 2015, 11:21 p.m.
  • Length: 14:10
Show
View Real Time Build Order
Export as new Build Order

Dobbymaul Terran 

Build Orders:  

Get SALT Encoding   

  12  0:01  SCV  
  13  0:13  SCV  
  14  0:20  Supply Depot  
  14  0:25  SCV  
  15  0:41  SCV  
  16  0:44  Barracks  
  16  0:54  SCV  
  17  1:00  Refinery  
  17  1:06  SCV  
  18  1:18  SCV  
  19  1:30  SCV  
  20  1:43  Reaper  
  20  1:45  Command Center, Orbital Command  
  21  1:51  Supply Depot  
  21  2:11  SCV  
  23  2:15  Reaper  
  23  2:19  Refinery  
  23  2:23  SCV  
  24  2:35  SCV  
  25  2:42  Factory  
  25  2:47  SCV  
  26  3:00  SCV  
  26  3:01  Factory  
  28  3:09  Orbital Command  
  28  3:12  SCV  
  28  3:18  Barracks Reactor  
  27  3:24  SCV  
  28  3:27  Refinery x2  
  28  3:29  Hellion  
  27  3:36  SCV  
  24  3:48  SCV, Hellion  
  22  3:50  Hellion  
  10  4:12  Hellion  
  2  4:34  Orbital Command  
    5:00  Orbital Command  
    5:03  Orbital Command  
    5:29  SCV  
  1  5:41  SCV  
  2  5:47  SCV  
  3  5:53  SCV  
  3  5:54  Bunker, Marine  
  5  6:01  Hellion  
  5  6:04  SCV  
  8  6:08  SCV  
  9  6:13  Marine  
  9  6:16  SCV  
  11  6:22  SCV  
  11  6:23  Widow Mine  
  14  6:28  SCV  
  15  6:34  SCV  
  15  6:38  Factory  
  16  6:40  SCV  
  16  6:46  SCV  
  18  6:52  Widow Mine  
  20  6:55  SCV  
  20  6:58  SCV  
  22  7:07  SCV  
  23  7:10  SCV  
  24  7:19  SCV  
  24  7:22  SCV  
  20  7:31  SCV  
  20  7:35  Orbital Command  
  20  7:36  Widow Mine x2  
  21  7:40  Marine  
  20  7:57  Marine  
  21  8:03  SCV  
  22  8:08  SCV  
  23  8:15  SCV, Marine  
  23  8:19  Hellion  
  27  8:21  SCV  
  28  8:27  SCV  
  28  8:32  Bunker  
  28  8:34  SCV  
  30  8:39  SCV  
  31  8:44  Engineering Bay  
  31  8:45  Marine  
  30  8:54  Widow Mine x2  
  32  8:57  SCV  
  31  9:03  Marine  
  31  9:05  SCV  
  31  9:09  SCV  
  34  9:17  Armory  
  34  9:20  Marine  
  34  9:21  SCV  
  34  9:23  Widow Mine  
  37  9:29  Missile Turret  
  37  9:36  Supply Depot  
  37  9:49  SCV  
  37  9:51  Missile Turret  
  38  9:56  Missile Turret  
  38  9:57  Widow Mine  
  38  9:58  SCV  
  38  9:59  Supply Depot  
  41  10:01  SCV  
  42  10:10  SCV  
  42  10:12  Hellbat  
  42  10:13  SCV  
  46  10:22  SCV  
  46  10:26  SCV  
  48  10:31  Factory  
  48  10:33  Factory Tech Lab  
  48  10:34  SCV  
  49  10:38  SCV  
  50  10:46  SCV  
  49  10:50  SCV  
  49  10:53  Terran Vehicle Weapons Level 1  
  44  10:57  Factory Reactor  
  44  10:59  Thor  
  23  11:40  Widow Mine  
  23  11:42  Widow Mine  
Show
View Real Time Build Order
Export as new Build Order

Cupid Terran 

Build Orders:  

Get SALT Encoding   

  12  0:01  Drone  
  13  0:08  Drone  
  14  0:18  Overlord  
  14  0:25  Drone, Extractor  
  14  0:29  Drone, Extractor  
  16  0:39  Drone  
  17  0:57  Hatchery  
  16  0:59  Drone  
  16  1:02  Drone  
  18  1:13  Extractor  
  17  1:20  Spawning Pool  
  17  1:23  Drone  
  17  1:26  Drone  
  17  1:29  Drone  
  19  1:39  Overlord  
  19  2:05  Drone x2  
  19  2:07  Queen  
  23  2:08  Queen  
  23  2:10  Zergling x2  
  26  2:22  Metabolic Boost  
  26  2:27  Roach Warren  
  26  2:28  Drone  
  26  2:30  Drone  
  26  2:34  Drone  
  26  2:36  Drone  
  29  2:40  Drone  
  30  2:45  Drone  
  30  2:46  Drone  
  32  2:56  Drone  
  32  2:57  Drone  
  34  3:04  Overlord  
  34  3:07  Overlord  
  34  3:17  Zergling x2  
  35  3:23  Zergling x6  
  38  3:28  Overlord  
  38  3:29  Roach  
  38  3:30  Roach x3  
  45  3:49  Roach  
  45  3:50  Roach x2  
  53  3:55  Roach  
  53  3:56  Roach x3  
  53  4:01  Overlord x2  
  59  4:32  Roach  
  59  4:33  Roach x3  
  59  4:36  Zergling x2  
  68  4:43  Overlord, Roach  
  68  4:44  Zergling x6  
  72  4:58  Hatchery  
  68  5:02  Spine Crawler  
  68  5:04  Spine Crawler  
  68  5:06  Drone x5  
  68  5:07  Drone x2  
  73  5:12  Overlord  
  63  5:37  Roach x3, Zergling x16  
  75  5:47  Zergling x2  
  75  5:50  Spine Crawler  
  75  5:53  Roach  
  75  5:54  Spine Crawler  
  71  6:03  Drone x2  
  65  6:19  Zergling x6  
  65  6:20  Zergling x2  
  65  6:23  Zergling x2  
  65  6:24  Zergling x4  
  72  6:25  Queen  
  72  6:27  Zergling x2  
  68  6:56  Lair  
  68  7:00  Drone  
  68  7:01  Drone x6  
  75  7:02  Evolution Chamber  
  75  7:04  Hatchery x2  
  72  7:14  Drone x3  
  75  7:21  Drone  
  76  7:28  Drone  
  76  7:29  Drone x3  
  80  7:30  Drone  
  80  7:33  Extractor x2  
  80  7:36  Extractor  
  78  7:41  Spore Crawler  
  78  7:43  Spore Crawler  
  78  7:44  Spore Crawler x2  
  75  7:46  Spore Crawler  
  75  7:47  Spore Crawler  
  72  7:52  Overlord x2  
  72  7:53  Overlord  
  67  8:10  Queen  
  63  8:14  Zerg Ground Armor Level 1  
  63  8:19  Hydralisk Den  
  59  8:21  Drone x3, Spore Crawler  
  59  8:23  Drone  
  59  8:25  Drone x3  
  61  8:29  Drone x2  
  61  8:30  Drone  
  61  8:31  Drone  
  53  8:34  Drone  
  53  8:36  Drone  
  53  8:38  Drone  
  50  8:41  Drone  
  50  8:42  Drone  
  50  8:44  Drone  
  50  8:45  Drone  
  51  9:01  Spore Crawler  
  51  9:02  Spore Crawler  
  49  9:03  Drone x3  
  49  9:04  Lurker Den  
  49  9:05  Drone x2  
  49  9:06  Extractor  
  49  9:07  Extractor  
  52  9:14  Queen  
  54  9:21  Glial Reconstitution  
  54  9:24  Evolution Chamber  
  54  9:25  Drone  
  54  9:26  Drone  
  54  9:27  Drone  
  54  9:29  Drone  
  57  9:31  Drone  
  57  9:33  Drone  
  59  9:44  Drone  
  59  9:45  Drone x2  
  62  9:47  Hydralisk  
  62  9:48  Hydralisk  
  62  9:49  Hydralisk  
  62  9:51  Hydralisk  
  70  10:00  Spore Crawler  
  70  10:01  Spine Crawler  
  70  10:03  Drone x3, Spore Crawler  
  67  10:11  Hydralisk x2  
  56  10:20  Zergling x6  
  57  10:21  Zergling x2  
  57  10:27  Hydralisk x2  
  61  10:29  Hydralisk  
  61  10:32  Lurker  
  61  10:33  Lurker  
  62  10:46  Zerg Missile Weapons Level 1  
  62  10:47  Zerg Ground Armor Level 2  
  56  10:59  Lurker, Zergling x2  
  56  11:00  Lurker, Zergling x6  
  62  11:05  Zergling x2  
  57  11:16  Hydralisk x4  
  65  11:23  Lurker x3  
  68  11:31  Muscular Augments  
  68  11:54  Queen  
  70  12:01  Hatchery  
  69  12:29  Lurker  
  73  12:30  Overlord x2, Lurker x3  
  73  12:31  Overlord  
  73  12:36  Extractor  
  72  12:42  Zergling x4  
  72  12:43  Zergling x12  
  80  12:46  Infestation Pit  
  79  13:01  Drone  
  79  13:02  Drone x6  
  86  13:13  Zergling x2  
  86  13:15  Zergling x2  
  88  13:37  Drone x3  
  88  13:38  Drone x4, Overlord  
  88  13:39  Overlord x2  
  96  13:41  Drone x3  
  96  13:42  Drone x3, Extractor  
Show
View Real Time Build Order
Export as new Build Order

wabbajack Zerg 

Build Orders: Hatch First, Muta Ling Bane 

Get SALT Encoding   

  12  0:01  Drone  
  13  0:13  Overlord  
  13  0:17  Drone  
  14  0:31  Drone x2  
  16  0:38  Drone  
  17  0:46  Drone  
  18  0:59  Drone  
  18  1:00  Hatchery  
  18  1:08  Drone  
  18  1:09  Extractor  
  19  1:18  Drone  
  19  1:22  Spawning Pool  
  18  1:29  Drone  
  19  1:50  Overlord  
  19  2:10  Queen  
  19  2:12  Zergling x6  
  19  2:13  Metabolic Boost, Zergling x2  
  19  2:14  Queen  
  27  2:23  Zergling x4  
  29  2:34  Zergling x4  
  31  2:45  Overlord  
  31  2:54  Zergling x2  
  32  3:01  Zergling x2  
  32  3:02  Zergling x2  
  34  3:10  Baneling Nest  
  33  3:16  Evolution Chamber  
  33  3:18  Drone  
  33  3:19  Hatchery  
  32  3:21  Drone  
  33  3:28  Drone x2  
  34  3:42  Zergling x4  
  34  3:43  Zergling x4  
  37  3:58  Lair  
  37  4:02  Zerg Ground Armor Level 1  
  37  4:07  Drone x2  
  38  4:19  Drone  
  38  4:20  Drone x2  
  38  4:21  Drone  
  42  4:28  Drone x2  
  44  4:33  Overlord  
  44  4:51  Drone x3  
  46  5:00  Drone x3  
  46  5:04  Queen  
  46  5:05  Drone x3  
  46  5:06  Overlord  
  54  5:14  Zergling x2  
  54  5:15  Zergling x6  
  58  5:26  Zergling x2  
  58  5:27  Zergling x14  
  66  5:38  Spire  
  66  5:39  Extractor  
  66  5:40  Drone x3, Extractor  
  66  5:41  Extractor  
  66  5:42  Drone  
  65  5:48  Drone x2  
  63  5:54  Drone x2  
  59  6:06  Zergling x2  
  59  6:07  Zergling x14  
  66  6:12  Overlord x2  
  65  6:20  Extractor  
  65  6:21  Drone, Extractor  
  65  6:22  Drone  
  62  6:42  Zerg Melee Weapons Level 1  
  62  6:43  Zergling x6  
  62  6:44  Zergling x2  
  62  6:45  Zergling x2  
  62  6:46  Zergling x2  
  68  6:50  Mutalisk  
  68  6:51  Mutalisk x4  
  78  6:54  Drone  
  78  6:55  Drone x2  
  81  7:02  Drone  
  81  7:05  Overlord  
  81  7:06  Overlord  
  82  7:13  Zerg Flyer Armor Level 1  
  82  7:15  Centrifical Hooks  
  77  7:26  Drone  
  77  7:27  Drone x3  
  76  7:30  Drone x2  
  76  7:31  Drone x3  
  76  7:34  Drone  
  76  7:35  Drone  
  81  7:54  Mutalisk  
  81  7:55  Mutalisk x5  
  85  8:00  Drone  
  85  8:01  Drone x2  
  85  8:03  Drone  
  89  8:17  Hatchery  
  88  8:22  Mutalisk  
  88  8:23  Mutalisk x3  
  88  8:26  Drone x2  
  97  8:30  Drone  
  97  8:33  Overlord x3  
  98  8:48  Hatchery  
  95  8:53  Mutalisk x4  
  95  9:02  Drone x3  
  94  9:03  Drone x2  
  94  9:05  Overlord x2  
  94  9:06  Overlord  
  86  9:27  Mutalisk x5  
  86  9:29  Overseer, Zergling x6  
  86  9:30  Zergling x10  
  104  9:33  Zergling x4  
  104  9:34  Overseer  
  106  9:43  Drone x2, Extractor  
  107  9:48  Extractor  
  107  9:49  Zerg Melee Weapons Level 2  
  104  9:56  Zerg Flyer Armor Level 2  
  104  9:57  Zergling x2  
  104  9:58  Zergling x16  
  104  9:59  Zergling x8  
  117  10:03  Drone  
  116  10:15  Drone x4  
  116  10:16  Drone x6  
  116  10:17  Overlord x2  
  126  10:26  Infestation Pit  
  125  10:34  Drone  
  125  10:35  Drone x7  
  133  10:46  Overseer  
  132  10:54  Mutalisk x5  
  132  10:55  Mutalisk x5  
  140  10:57  Zergling x2  
  140  10:58  Zergling x8  
  140  11:01  Extractor  
  140  11:03  Extractor  
  143  11:06  Queen  
  143  11:08  Queen  
  143  11:10  Hive  
  147  11:12  Pathogen Glands  
  143  11:31  Drone  
  143  11:32  Drone x8  
  152  11:33  Drone x3, Overlord x2  
  152  11:34  Overlord x2, Drone  
  152  11:46  Pneumatized Carapace  
  148  12:00  Overlord x2  
  148  12:01  Overlord  
  144  12:02  Overlord, Mutalisk x5  
  144  12:03  Mutalisk x5  
  144  12:08  Mutalisk x2  
  162  12:09  Mutalisk x2  
  162  12:10  Zergling x2  
  162  12:11  Zergling x8  
  166  13:09  Mutalisk  
  166  13:10  Mutalisk x6  
  166  13:11  Mutalisk x3  
  166  13:12  Spine Crawler, Zergling x2  
  186  13:13  Hatchery, Extractor x3, Zergling x20  
  186  13:14  Zergling x16  
  186  13:16  Hatchery, Extractor, Zergling x2  
  199  13:37  Spine Crawler  
  198  13:41  Overseer, Ultralisk Cavern  
  198  13:42  Overseer  
Show
View Real Time Build Order
Export as new Build Order

Crylexan Zerg 

Build Orders: Hatch First 

Get SALT Encoding   

  12  0:01  Drone  
  13  0:16  Drone  
  13  0:18  Overlord  
  14  0:37  Drone  
  14  0:38  Drone x2  
  17  0:48  Drone  
  18  0:59  Hatchery  
  17  1:12  Spawning Pool  
  17  1:14  Drone  
  17  1:18  Drone  
  17  1:22  Extractor  
  17  1:26  Drone  
  18  2:02  Zergling x6  
  21  2:13  Queen  
  21  2:14  Queen  
  25  2:16  Zergling x4  
  27  2:26  Overlord, Baneling Nest  
  27  2:28  Zergling x2  
  27  2:36  Zergling x2  
  28  2:45  Drone x2  
  28  2:48  Metabolic Boost  
  30  2:54  Overlord x2  
  30  2:57  Drone  
  31  3:11  Spine Crawler  
  30  3:13  Extractor  
  30  3:17  Drone x3  
  32  3:22  Zergling x2  
  33  3:28  Extractor  
  33  3:31  Drone x2  
  33  3:32  Drone  
  33  3:33  Drone  
  36  3:44  Zergling x4  
  36  3:47  Baneling x3  
  38  3:53  Drone x2  
  40  4:04  Roach Warren  
  40  4:06  Drone  
  40  4:07  Drone  
  40  4:08  Zergling x4  
  43  4:15  Lair  
  43  4:20  Drone  
  44  4:35  Baneling x3  
  44  4:42  Evolution Chamber  
  44  4:45  Evolution Chamber, Drone  
  42  4:46  Drone  
  42  4:51  Extractor  
  43  5:06  Zergling x2  
  42  5:11  Roach x2  
  42  5:12  Zergling x4  
  42  5:13  Zergling x2  
  38  5:32  Roach x2  
  38  5:33  Overlord x3, Roach  
  40  5:40  Spine Crawler  
  27  5:53  Roach x2  
  27  5:54  Roach x3  
  31  6:00  Spine Crawler  
  30  6:11  Drone  
  31  6:36  Glial Reconstitution  
  31  6:38  Roach x2  
  35  6:46  Drone  
  36  6:55  Ravager x2  
  36  6:56  Hatchery  
  37  7:25  Queen  
  39  7:38  Ravager x2, Roach  
  39  7:39  Roach  
  45  8:01  Queen  
  47  8:09  Roach x5  
  55  8:33  Roach x3  
  55  8:45  Drone x2  
  57  8:52  Drone x2  
  59  9:02  Drone x2  
  61  9:11  Drone x2  
  63  9:21  Drone, Hydralisk Den  
  63  9:23  Drone  
  64  9:35  Roach x2  
  68  9:58  Overlord x2  
  68  9:59  Overlord x2  
  68  10:18  Hatchery  
  67  10:51  Roach x6  
  67  10:52  Roach  
  79  11:34  Hatchery, Roach x4  
  79  11:35  Overseer, Roach  
  79  11:39  Queen  
  90  11:48  Drone x3  
  90  11:49  Drone x2  
  95  11:59  Drone x3  
  98  12:02  Drone  
  98  12:03  Extractor  
  98  12:04  Drone  
  98  12:06  Drone  
  100  12:10  Ravager x2  
  102  12:25  Hydralisk x2  
  106  12:33  Overlord  
  106  12:34  Overlord x2  
  106  12:40  Extractor x2  
  106  12:42  Overlord  
  104  12:44  Overlord  
  104  12:50  Drone x2  
  106  12:53  Drone  
  106  12:54  Drone  
  108  13:03  Overlord x2  
  108  13:17  Drone  
  108  13:18  Drone x5  
  114  13:26  Hydralisk x3  
  110  14:08  Ravager x3  
Show
View Real Time Build Order
Export as new Build Order

Paradise Zerg 

Build Orders:  

Get SALT Encoding   

Show
View Real Time Build Order
Export as new Build Order

Malfurious Zerg 

Build Orders:  

Get SALT Encoding   

Show
View Real Time Build Order
Export as new Build Order

lllIIIlllIII Zerg 

Build Orders:  

Get SALT Encoding   

Show
View Real Time Build Order
Export as new Build Order

DDNG Zerg 

Build Orders:  

Get SALT Encoding   

Tags
 
Add a new tag
Caveats
  • Supply blocks, unpowered buildings, or Contaminate may cause inaccurate times.
  • Supply counts are checked every 10 seconds.